TOP OF THE 1ST |
Seattle Pikes batting - Pitching for San Francisco Bandits : RHP David Bishop
|
Pitching: RHP David Bishop
|
|
Batting: RHB Pete Rideout
|
0-0: Foul Ball, location: 2F 0-1: Foul Ball, location: 2F 0-2: Ball 1-2: Ball 2-2: Foul Ball, location: 2F 2-2: SINGLE (Line Drive, 4D)
|
Batting: LHB Roberto Lozano
|
0-0: SINGLE (Groundball, 13S) (infield hit) Pete Rideout to second
|
Batting: LHB John Clark
|
0-0: Swinging Strike 0-1: Called Strike 0-2: Foul Ball, location: 2F 0-2: Foul Ball, location: 2F 0-2: Strikes out looking
|
Batting: RHB Randy Sheppard
|
0-0: Ball 1-0: Ball 2-0: Ball 3-0: Called Strike 3-1: Base on Balls Pete Rideout to third Roberto Lozano to second
|
Batting: SHB António Hernández
|
0-0: Ball 1-0: Fly out, F8 (Flyball, 8LXD) Runner from 3rd tags up, SCORES, no throw Roberto Lozano to third
|
Batting: RHB Murai Ishihara
|
0-0: Ball 1-0: Swinging Strike 1-1: Ball 2-1: Ground out 5-3 (Groundball, 56S)
|
Top of the 1st over - 1 run, 2 hits, 0 errors, 2 left on base; Seattle 1 - San Francisco 0 |
BOTTOM OF THE 1ST |
San Francisco Bandits batting - Pitching for Seattle Pikes : RHP Luis Torres
|
Pitching: RHP Luis Torres
|
|
Batting: RHB Peter Bishop
|
0-0: Foul Ball, location: 2F 0-1: Ground out 3-1 (Groundball, 34S)
|
Batting: RHB Scott Merritt
|
0-0: Ball 1-0: Called Strike 1-1: Ball 2-1: Ball 3-1: Fly out, F3 (Popup, 3SF)
|
Batting: LHB Chris Austin
|
0-0: Ball 1-0: Fly out, F7 (Flyball, 7S)
|
Bottom of the 1st over - 0 runs, 0 hits, 0 errors, 0 left on base; Seattle 1 - San Francisco 0 |
TOP OF THE 2ND |
Seattle Pikes batting - Pitching for San Francisco Bandits : RHP David Bishop
|
Batting: SHB George Adams
|
0-0: Called Strike 0-1: Swinging Strike 0-2: Strikes out looking
|
Batting: RHB António López
|
0-0: Ball 1-0: Called Strike 1-1: Ball 2-1: Foul Ball, location: 2F 2-2: Foul Ball, location: 2F 2-2: Fly out, F9 (Flyball, 89M)
|
Batting: LHB Javier Martínez
|
0-0: Ball 1-0: Foul Ball, location: 2F 1-1: SINGLE (Line Drive, 9S)
|
Batting: RHB Pete Rideout
|
0-0: Ball 1-0: Ball 2-0: Called Strike 2-1: Ground out 4-3 (Groundball, 4)
|
Top of the 2nd over - 0 runs, 1 hit, 0 errors, 1 left on base; Seattle 1 - San Francisco 0 |
BOTTOM OF THE 2ND |
San Francisco Bandits batting - Pitching for Seattle Pikes : RHP Luis Torres
|
Batting: RHB Owen Carter
|
0-0: Fly out, F5 (Line Drive, 5)
|
Batting: RHB Dale Taylor
|
0-0: Ball 1-0: Ball 2-0: SINGLE (Groundball, 56D)
|
Batting: RHB Michael Elliott
|
0-0: Ball 1-0: Ball 2-0: Ball 3-0: Called Strike 3-1: Base on Balls Dale Taylor to second
|
Batting: LHB Alan McGilroy
|
0-0: Called Strike 0-1: Grounds into double play, 4-6-3 (Groundball, 4)
|
Bottom of the 2nd over - 0 runs, 1 hit, 0 errors, 1 left on base; Seattle 1 - San Francisco 0 |
TOP OF THE 3RD |
Seattle Pikes batting - Pitching for San Francisco Bandits : RHP David Bishop
|
Batting: LHB Roberto Lozano
|
0-0: Swinging Strike 0-1: Called Strike 0-2: Ball 1-2: Ball 2-2: Ball 3-2: Ground out 3-1 (Groundball, 34S)
|
Batting: LHB John Clark
|
0-0: Foul Ball, location: 2F 0-1: SINGLE (Groundball, 6D)
|
Batting: RHB Randy Sheppard
|
0-0: Swinging Strike 0-1: Ball 1-1: Foul Ball, location: 2F 1-2: Strikes out swinging
|
Batting: SHB António Hernández
|
0-0: Fly out, F7 (Flyball, 7S)
|
Top of the 3rd over - 0 runs, 1 hit, 0 errors, 1 left on base; Seattle 1 - San Francisco 0 |
BOTTOM OF THE 3RD |
San Francisco Bandits batting - Pitching for Seattle Pikes : RHP Luis Torres
|
Batting: SHB Terry Dailey
|
0-0: Ball 1-0: SINGLE (Flyball, 9S)
|
Batting: RHB Lorenzo Mota
|
0-0: Ball 1-0: Called Strike 1-1: SINGLE (Flyball, 9S) Terry Dailey to second Runner from 2nd tries for 3rd, SAFE, no throw
|
Batting: RHB Peter Bishop
|
0-0: Ball 1-0: Ball 2-0: Ball 3-0: Base on Balls Lorenzo Mota to second
|
Batting: RHB Scott Merritt
|
0-0: Called Strike 0-1: Ball 1-1: Swinging Strike 1-2: Ball 2-2: Foul Ball, location: 2F 2-2: SINGLE (Flyball, 3D) Terry Dailey scores Lorenzo Mota to third Peter Bishop to second
|
Batting: LHB Chris Austin
|
0-0: Swinging Strike 0-1: Ball 1-1: Grounds into double play, 6-4-3 (Groundball, 6) Lorenzo Mota scores Peter Bishop to third
|
Batting: RHB Owen Carter
|
0-0: Ball 1-0: Foul Ball, location: 2F 1-1: Ball 2-1: 2-RUN HOME RUN (Flyball, 9D), Distance : 377 ft
|
Batting: RHB Dale Taylor
|
0-0: Fly out, F9 (Flyball, 89D)
|
Bottom of the 3rd over - 4 runs, 4 hits, 0 errors, 0 left on base; Seattle 1 - San Francisco 4 |
TOP OF THE 4TH |
Seattle Pikes batting - Pitching for San Francisco Bandits : RHP David Bishop
|
Batting: RHB Murai Ishihara
|
0-0: Ball 1-0: Called Strike 1-1: Swinging Strike 1-2: Ball 2-2: SINGLE (Line Drive, 89S)
|
Batting: SHB George Adams
|
0-0: Fly out, F5 (Popup, 5F)
|
Batting: RHB António López
|
0-0: Called Strike 0-1: Ball Wild Pitch! Murai Ishihara to second 1-1: Ball 2-1: Ball 3-1: DOUBLE (Flyball, 89D) Murai Ishihara scores
|
Batting: LHB Javier Martínez
|
0-0: Called Strike António López steals 3rd base 0-1: Ball 1-1: Foul Ball, location: 2F 1-2: Ball 2-2: Ball 3-2: Base on Balls
|
Batting: RHB Pete Rideout
|
0-0: Ball 1-0: Called Strike 1-1: SINGLE (Flyball, 7S) António López scores Javier Martínez to second
|
Batting: LHB Roberto Lozano
|
0-0: Ball 1-0: Grounds into double play, 5-4-3 (Groundball, 5)
|
Top of the 4th over - 2 runs, 3 hits, 0 errors, 1 left on base; Seattle 3 - San Francisco 4 |
BOTTOM OF THE 4TH |
San Francisco Bandits batting - Pitching for Seattle Pikes : RHP Luis Torres
|
Batting: RHB Michael Elliott
|
0-0: Ball 1-0: Ball 2-0: Called Strike 2-1: Ground out 5-3 (Groundball, 56)
|
Batting: LHB Alan McGilroy
|
0-0: Fly out, F3 (Line Drive, 34)
|
Batting: SHB Terry Dailey
|
0-0: Ball 1-0: SINGLE (Line Drive, 7LS)
|
Batting: RHB Lorenzo Mota
|
0-0: Called Strike 0-1: Ground out 4-3 (Groundball, 34)
|
Bottom of the 4th over - 0 runs, 1 hit, 0 errors, 1 left on base; Seattle 3 - San Francisco 4 |
TOP OF THE 5TH |
Seattle Pikes batting - Pitching for San Francisco Bandits : RHP David Bishop
|
Batting: LHB John Clark
|
0-0: Ball 1-0: Foul Ball, location: 2F 1-1: Ball 2-1: Called Strike 2-2: SINGLE (Groundball, 2R) (infield hit)
|
Batting: RHB Randy Sheppard
|
0-0: Grounds into double play, 5-4-3 (Groundball, 56)
|
Batting: SHB António Hernández
|
0-0: Ball 1-0: Ball 2-0: Called Strike 2-1: Swinging Strike 2-2: Ball 3-2: Foul Ball, location: 2F 3-2: Base on Balls
|
Batting: RHB Murai Ishihara
|
0-0: Ball 1-0: Ball 2-0: Called Strike 2-1: Ball 3-1: Fielders Choice at 2nd, 5-4 (Groundball, 56)
|
Top of the 5th over - 0 runs, 1 hit, 0 errors, 1 left on base; Seattle 3 - San Francisco 4 |
BOTTOM OF THE 5TH |
San Francisco Bandits batting - Pitching for Seattle Pikes : RHP Luis Torres
|
Batting: RHB Peter Bishop
|
0-0: Called Strike 0-1: Ball 1-1: SINGLE (Groundball, 34D)
|
Batting: RHB Scott Merritt
|
0-0: Called Strike 0-1: Ball 1-1: DOUBLE (Line Drive, 3D) Peter Bishop to third Runner from 3rd tries for Home, SAFE, no throw
|
Batting: LHB Chris Austin
|
0-0: Intentional Walk
|
Pitching: RHP Christian Camden
|
|
Batting: RHB Owen Carter
|
0-0: Ball 1-0: SINGLE (Line Drive, 4D) Scott Merritt to third Chris Austin to second Runner from 3rd tries for Home, SAFE, no throw
|
Batting: RHB Dale Taylor
|
0-0: Ball 1-0: Called Strike 1-1: Ball 2-1: Called Strike 2-2: Foul Ball, location: 2F 2-2: Ground out 4-3 (Groundball, 4S) Chris Austin to third Owen Carter to second
|
Batting: RHB Michael Elliott
|
0-0: Ball 1-0: Ball 2-0: Ground out 4-3 (Groundball, 4MS)
|
Batting: LHB Alan McGilroy
|
0-0: Intentional Walk
|
Batting: SHB Terry Dailey
|
0-0: Called Strike 0-1: Ball 1-1: Fly out, F7 (Flyball, 7S)
|
Bottom of the 5th over - 2 runs, 3 hits, 0 errors, 3 left on base; Seattle 3 - San Francisco 6 |
TOP OF THE 6TH |
Seattle Pikes batting - Pitching for San Francisco Bandits : RHP David Bishop
|
Pitching: RHP Brad Sharpe
|
|
Batting: SHB George Adams
|
0-0: Called Strike 0-1: Called Strike 0-2: Ball 1-2: DOUBLE (Flyball, 8LXD)
|
Batting: RHB António López
|
0-0: Ball 1-0: Foul Ball, location: 2F 1-1: 2-RUN HOME RUN (Line Drive, 7LD), Distance : 384 ft
|
Pitching: RHP Carlos Ledezma
|
|
Batting: LHB Javier Martínez
|
0-0: Foul Ball, location: 2F 0-1: Ball 1-1: Ball 2-1: Called Strike 2-2: Strikes out swinging
|
Batting: RHB Pete Rideout
|
0-0: Ball 1-0: Ball 2-0: Ground out 4-3 (Groundball, 4M)
|
Batting: LHB Roberto Lozano
|
0-0: Called Strike 0-1: Ball 1-1: Swinging Strike 1-2: Ball 2-2: Ball 3-2: Fly out, F6 (Flyball, 56D)
|
Top of the 6th over - 2 runs, 2 hits, 0 errors, 0 left on base; Seattle 5 - San Francisco 6 |
BOTTOM OF THE 6TH |
San Francisco Bandits batting - Pitching for Seattle Pikes : RHP Christian Camden
|
Batting: RHB Lorenzo Mota
|
0-0: Foul Ball, location: 2F 0-1: Ball 1-1: Foul Ball, location: 2F 1-2: Ground out U3 (Groundball, 34S)
|
Batting: RHB Peter Bishop
|
0-0: Ball 1-0: Called Strike 1-1: Ground out 1-3 (Groundball, P)
|
Batting: RHB Scott Merritt
|
0-0: Ball 1-0: Ball 2-0: Ball 3-0: Base on Balls
|
Batting: LHB Chris Austin
|
0-0: Ball 1-0: Ball 2-0: Foul Ball, location: 2F 2-1: Foul Ball, location: 2F 2-2: Ball 3-2: Base on Balls Scott Merritt to second
|
Batting: RHB Owen Carter
|
0-0: Foul Ball, location: 2F 0-1: Ball 1-1: Ball 2-1: Ball 3-1: SINGLE (Flyball, 9S) Scott Merritt to third Chris Austin to second Runner from 3rd tries for Home, SAFE, no throw
|
Batting: RHB Dale Taylor
|
0-0: Called Strike 0-1: Ball 1-1: Ball 2-1: Foul Ball, location: 2F 2-2: Ball 3-2: Fly out, F7 (Flyball, 7LM)
|
Bottom of the 6th over - 1 run, 1 hit, 0 errors, 2 left on base; Seattle 5 - San Francisco 7 |
TOP OF THE 7TH |
Seattle Pikes batting - Pitching for San Francisco Bandits : RHP Carlos Ledezma
|
Batting: LHB John Clark
|
0-0: Ground out 6-3 (Groundball, 56)
|
Batting: RHB Randy Sheppard
|
0-0: Ball 1-0: Ball 2-0: Foul Ball, location: 2F 2-1: Foul Ball, location: 2F 2-2: SINGLE (Groundball, 56D)
|
Batting: SHB António Hernández
|
0-0: Ball 1-0: Swinging Strike 1-1: Ball Randy Sheppard is caught stealing 2nd base 2-1: Fly out, F7 (Flyball, 78M)
|
Top of the 7th over - 0 runs, 1 hit, 0 errors, 0 left on base; Seattle 5 - San Francisco 7 |
BOTTOM OF THE 7TH |
San Francisco Bandits batting - Pitching for Seattle Pikes : RHP Christian Camden
|
Batting: RHB Michael Elliott
|
0-0: SINGLE (Flyball, 9S)
|
Pitching: LHP Jesús Martínez
|
|
Batting: LHB Alan McGilroy
|
0-0: Called Strike 0-1: Foul Ball, location: 2F 0-2: Foul Ball, location: 2F 0-2: Ball 1-2: Foul Ball, location: 2F 1-2: Strikes out swinging
|
Pitching: RHP Sixto García
|
|
Batting: SHB Terry Dailey
|
0-0: Fly out, F7 (Flyball, 7D)
|
Batting: RHB Lorenzo Mota
|
0-0: Ball Michael Elliott steals 2nd base 1-0: Swinging Strike 1-1: Called Strike 1-2: Ball 2-2: Ground out 6-3 (Groundball, 56)
|
Bottom of the 7th over - 0 runs, 1 hit, 0 errors, 1 left on base; Seattle 5 - San Francisco 7 |
TOP OF THE 8TH |
Seattle Pikes batting - Pitching for San Francisco Bandits : RHP Carlos Ledezma
|
Now at 3B: Jaime Spiridon
|
|
Batting: RHB Murai Ishihara
|
0-0: Called Strike 0-1: Foul Ball, location: 2F 0-2: Strikes out swinging
|
Batting: SHB George Adams
|
0-0: Ball 1-0: Ball 2-0: Ball 3-0: Base on Balls
|
Batting: RHB António López
|
0-0: Ball 1-0: Foul Ball, location: 2F 1-1: Ball 2-1: Ball 3-1: Fly out, F8 (Line Drive, 8LD)
|
Batting: LHB Javier Martínez
|
0-0: Called Strike 0-1: Ball 1-1: Called Strike 1-2: Strikes out swinging
|
Top of the 8th over - 0 runs, 0 hits, 0 errors, 1 left on base; Seattle 5 - San Francisco 7 |
BOTTOM OF THE 8TH |
San Francisco Bandits batting - Pitching for Seattle Pikes : RHP Sixto García
|
Batting: RHB Peter Bishop
|
0-0: Called Strike 0-1: Ball 1-1: Ground out 4-3 (Groundball, 4)
|
Batting: RHB Scott Merritt
|
0-0: Called Strike 0-1: Ball 1-1: Ball 2-1: Ball 3-1: Foul Ball, location: 2F 3-2: Foul Ball, location: 2F 3-2: Ground out 5-3 (Groundball, 56)
|
Batting: LHB Chris Austin
|
0-0: Called Strike 0-1: Ground out 6-3 (Groundball, 6)
|
Bottom of the 8th over - 0 runs, 0 hits, 0 errors, 0 left on base; Seattle 5 - San Francisco 7 |
TOP OF THE 9TH |
Seattle Pikes batting - Pitching for San Francisco Bandits : RHP Carlos Ledezma
|
Pitching: RHP Kunihiko Daikawa
|
|
Batting: RHB Pete Rideout
|
0-0: Called Strike 0-1: Foul Ball, location: 2F 0-2: SINGLE (Groundball, 15S) (infield hit)
|
Batting: LHB Roberto Lozano
|
0-0: Ball 1-0: Fly out, F8 (Flyball, 78D)
|
Batting: LHB John Clark
|
0-0: Ground out 3-1 (Groundball, 34S) Pete Rideout to second
|
Batting: RHB Randy Sheppard
|
0-0: Ball 1-0: Foul Ball, location: 2F 1-1: Foul Ball, location: 2F 1-2: Foul Ball, location: 2F 1-2: Strikes out looking
|
Top of the 9th over - 0 runs, 1 hit, 0 errors, 1 left on base; Seattle 5 - San Francisco 7 |
|